 Dungeon Crawl Stone Soup version 0.25.1-2-g60ff931df9 (webtiles) character file.

Game seed: 7901337176777204613

1596 DildoBatman the Firebug (level 9, 0/63 HPs)
             Began as a Formicid Wizard on Oct 26, 2020.
             Was an Initiate of Kikubaaqudgha.
             Engulfed by a cloud of noxious fumes (1 damage)
             ... on level 8 of the Dungeon.
             The game lasted 00:27:03 (6512 turns).

DildoBatman the Firebug (Formicid Wizard)           Turns: 6512, Time: 00:27:03

Health: 0/63       AC:  3    Str: 12    XL:     9   Next: 15%
Magic:  6/15       EV: 17    Int: 27    God:    Kikubaaqudgha [......]
Gold:   233        SH:  0    Dex:  9    Spells: 9/16 levels left

rFire    . . .     SeeInvis +   a - +1 dagger (venom)
rCold    + . .     Gourm    .   (no shield)
rNeg     . . .     Faith    .   h - +0 robe
rPois    .         Spirit   .   (helmet unavailable)
rElec    .         Reflect  .   g - +0 cloak
rCorr    .         Harm     .   (no gloves)
MR       .....                  (no boots)
Stlth    +.........             (no amulet)
HPRegen  0.20/turn              r - +6 ring of intelligence
MPRegen  0.14/turn              e - +4 ring of evasion

@: confused
A: permanent stasis, dig shafts and tunnels, four strong arms, antennae 3, cold
resistance 1, sense surroundings 1
a: Dig, Shaft Self, Renounce Religion


You were on level 8 of the Dungeon.
You worshipped Kikubaaqudgha.
Kikubaaqudgha was noncommittal.
You were not hungry.

You visited 2 branches of the dungeon, and saw 8 of its levels.

You collected 257 gold pieces.
You spent 24 gold pieces at shops.

Inventory:

Hand Weapons
 a - a +1 dagger of venom (weapon)
 b - a +2 vorpal flail
 c - a +0 shortbow
 d - a +0 dagger of electrocution
Missiles
 m - 8 silver boomerangs
 u - 73 bolts
 y - 171 stones
 E - 65 arrows
 H - 15 sling bullets
 K - 4 javelins (quivered)
Armour
 g - a +0 cloak (worn)
 h - a +0 robe (worn)
Magical Staves
 w - an uncursed staff of poison
Jewellery
 e - a +4 ring of evasion (right hand)
 r - a +6 ring of intelligence (left hand)
 B - an uncursed ring of protection from cold
Wands
 l - a wand of flame (26)
 A - a wand of polymorph (21)
Scrolls
 f - a scroll of fog {unknown}
 n - a scroll of enchant weapon {unknown}
 x - 3 scrolls of remove curse
 C - a scroll of enchant armour
 D - a scroll of vulnerability {unknown}
 F - a scroll of amnesia
 J - a scroll of blinking {unknown}
 L - a scroll of noise {unknown}
Potions
 j - 2 potions of curing
 k - a potion of brilliance {unknown}
 o - a potion of cancellation {unknown}
 p - 2 potions of haste {unknown}
 q - a potion of mutation
 s - 2 potions of might {unknown}
 t - a potion of lignification {unknown}
 G - a potion of stabbing {unknown}
 I - a potion of heal wounds {unknown}
Comestibles
 i - 14 chunks of flesh
 v - 2 rations


   Skills:
 * Level 3.0 Fighting
 * Level 2.9 Armour
 * Level 3.1 Dodging
 - Level 2.4 Stealth
 * Level 4.1 Spellcasting
 - Level 4.2 Conjurations
   Level 1.0 Summonings
   Level 0.8 Translocations
 - Level 5.0 Fire Magic
 - Level 4.0 Air Magic
 - Level 4.0 Poison Magic


You had 9 spell levels left.
You knew the following spells:

 Your Spells              Type           Power        Failure   Level  Hunger
a - Conjure Flame         Conj/Fire      ####....     3%          3    ##.....
c - Magic Dart            Conj           ####         1%          1    None
e - Mephitic Cloud        Conj/Pois/Air  ####....     4%          3    ##.....

Your spell library contained the following spells:

 Spells                   Type           Power        Failure   Level  Hunger
 Call Imp                 Summ           ##......     8%          2    None
 Slow                     Hex            #.......     12%         2    None
 Blink                    Tloc           Unusable     N/A         2    N/A

Dungeon Overview and Level Annotations

Branches:
Dungeon (6/15)             Temple (1/1) D:5            Lair (0/6) D:8

Altars:
Ashenzari
Dithmenos
Elyvilon
Hepliaklqana
Kikubaaqudgha
Makhleb
Nemelex Xobeh
Okawaru
Ru
Trog
Uskayaw
Vehumet
Wu Jian
Zin
The Shining One

Shops:
D:5 ?

Annotations:
D:2 Sigmund
D:3 exclusions: hobgoblin, orc and 1 more exclusion, Terence
D:4 exclusion: crimson imp, Menkaure, Pikel
D:5 1 exclusion


Innate Abilities, Weirdness & Mutations

You cannot be hasted, slowed, berserked, paralysed or teleported.
You can dig through walls and to a lower floor.
Your four strong arms can wield two-handed weapons with a shield.
You have a pair of large antennae on your head. (SInv)
Your flesh is cold resistant. (rC+)
You passively map a small area around you.


Message History

Press: ? - help, Shift-Dir - straight line, f - bullfrog
Aim: a bullfrog (lightly wounded, very poisoned) That beam is likely to hit you.
Continue anyway?
The ball explodes into a vile cloud!
The stinking cloud engulfs the bullfrog but does no damage.
The bullfrog is lightly wounded.
The stinking cloud engulfs you but does no damage.
You are engulfed in noxious fumes.
You choke on the stench!
You are confused.
The bullfrog is engulfed in noxious fumes.
The bullfrog hits you.
The bullfrog is engulfed in noxious fumes.
The bullfrog appears confused.
The bullfrog is engulfed in noxious fumes.
You are engulfed in noxious fumes.
You choke on the stench!
You are more confused.
You die...
Kikubaaqudgha rasps: "You have failed me!
Welcome... death!"

#....P , *
PP..P.. ##....P..
### #....P.. , ,
#.## #..PPP# +
##÷## ##$P).P#
##.#####○.P(..#>{
,
##...@F°..P..####
##)####.P...P.P.
#)#####.P.P...P
#†##.......PPP. ,
#)##.##.....PP.
**
#.##.##...PP... ,
##.)).....#.##..
##.###.###.......
#.#....# ##.....


You could see a bullfrog (confused, very poisoned).

Vanquished Creatures
  A hippogriff (D:8)
  Edmund (D:5)
  A porcupine (D:8)
  4 slaves (D:5)
  A sky beast (D:4)
  An ogre (D:6)
  A centaur (D:5)
  A big kobold (D:8)
  A bullfrog (D:8)
  2 scorpions
  A howler monkey (D:5)
  A crimson imp (D:6)
  2 orc priests (D:4)
  A bullfrog zombie (D:5)
  2 hounds (D:4)
  5 orc wizards
  4 worker ants
  4 hound skeletons
  A worker ant zombie (D:5)
  3 gnolls (D:8)
  6 adders
  2 shadow imps
  5 oozes
  An adder skeleton (D:4)
  3 worms
  A dart slug (D:3)
  5 leopard geckos
  17 orcs
  A ball python (D:2)
  9 giant cockroaches
  11 goblins
  2 hobgoblins
  9 jackals
  4 quokkas
  2 bats (D:2)
  A frilled lizard (D:2)
  13 kobolds
  A quokka zombie (D:5)
  8 rats
139 creatures vanquished.

Notes
Turn   | Place    | Note
-------+----------+-------------------------------------------
     0 | D:1      | DildoBatman the Formicid Wizard began the quest for the
                  | Orb.
     0 | D:1      | Reached XP level 1. HP: 13/13 MP: 4/4
    24 | D:1      | Reached skill level 1 in Conjurations
   339 | D:1      | Reached XP level 2. HP: 11/19 MP: 0/6
   572 | D:1      | Reached XP level 3. HP: 20/24 MP: 4/7
   948 | D:2      | Learned a level 3 spell: Conjure Flame
   952 | D:2      | Learned a level 3 spell: Mephitic Cloud
  1297 | D:2      | Reached XP level 4. HP: 30/30 MP: 2/8
  1385 | D:2      | Found a bloodstained altar of Trog.
  1831 | D:3      | Found a glowing golden altar of the Shining One.
  1971 | D:3      | Noticed Sigmund
  1976 | D:3      | Reached XP level 5. HP: 32/35 MP: 6/9
  2703 | D:3      | Reached skill level 1 in Poison Magic
  2805 | D:3      | Found a shattered altar of Ashenzari.
  3002 | D:3      | Reached skill level 1 in Fire Magic
  3200 | D:3      | Noticed Terence
  3371 | D:3      | Reached skill level 1 in Air Magic
  3371 | D:3      | Reached XP level 6. HP: 36/41 MP: 4/10
  3651 | D:4      | Reached skill level 2 in Fire Magic
  3803 | D:4      | Reached XP level 7. HP: 34/46 MP: 6/11
  3827 | D:4      | Found an ornate altar of the Wu Jian Council.
  3977 | D:5      | Entered Level 5 of the Dungeon
  4010 | D:5      | Noticed Menkaure
  4327 | D:4      | Reached skill level 3 in Fire Magic
  4961 | D:5      | Noticed Pikel
  5054 | D:5      | Reached XP level 8. HP: 15/52 MP: 6/12
  5483 | D:5      | Reached skill level 4 in Fire Magic
  5676 | D:5      | Found a white marble altar of Elyvilon.
  5714 | D:5      | Found a staircase to the Ecumenical Temple.
  5723 | Temple   | Entered the Ecumenical Temple
  5819 | Temple   | Became a worshipper of Kikubaaqudgha
  5869 | D:5      | Found Bije's Magic Scroll Shop.
  5907 | D:5      | Found an ancient bone altar of Kikubaaqudgha.
  5910 | D:5      | Bought a scroll of identify for 24 gold pieces
  5936 | D:5      | Noticed Edmund
  5975 | D:5      | Killed Edmund
  5975 | D:5      | Reached skill level 1 in Fighting
  5975 | D:5      | Reached skill level 1 in Armour
  6340 | D:6      | You fall into a shaft and drop 2 floors!
  6344 | D:8      | Noticed a hippogriff
  6363 | D:8      | Killed a hippogriff
  6373 | D:8      | Reached skill level 5 in Fire Magic
  6379 | D:8      | Reached XP level 9. HP: 15/62 MP: 3/14
  6493 | D:8      | Gained mutation: Your flesh is cold resistant. (rC+)
                  | [potion of mutation]
  6493 | D:8      | Gained mutation: You passively map a small area around you.
                  | [potion of mutation]
  6510 | D:8      | HP: 2/63 [cloud of noxious fumes (2)]
  6512 | D:8      | Engulfed by a cloud of noxious fumes

Illustrated notes

Levels and vault maps discovered:
D:1:      minmay_arrival_arboretum_small, layout_rooms
D:2:      layout_loops_ring, lightli_temple_of_fire, kennysheep_generic_room_3
D:3:      layout_loops_ring, nicolae_ashenzari_panopticon, tso_metal_star,
          first_ration, minmay_joined_circles, uniq_sigmund, uniq_terence
D:4:      layout_rooms, lemuel_doored_altar
D:5:      layout_rooms, minmay_temple_entry_poolview, serial_shops, shop,
          basic_altar, elyvilon_altar_5, uniq_menkaure, uniq_edmund, uniq_pikel
D:6:      layout_basic, kennysheep_mini
D:8:      layout_loops_cross, lemuel_coloured_pillars_altar,
          kennysheep_mini_moat, grunt_lair_entry_orc_guard_hut,
          ebering_ghost_xom, nicolae_ossuary_entry_false_entrances
Temple:   jpeg_temple_clearing

Skill      XL: |  1  2  3  4  5  6  7  8  9 |
---------------+----------------------------+-----
Conjurations   | 2 3 4 |  4.2
Poison Magic   | 1 3 4 |  4.0
Fire Magic     | 1 2 3 5 |  5.0
Air Magic      | 1 3 4 |  4.0
Fighting       | 2 3 |  3.0
Armour         | 2 |  2.9
Dodging        | 2 3 |  3.1
Spellcasting   | 4 |  4.1
Stealth        | |  2.4
Summonings     | |  1.0
Translocations | |  0.8

Action                   |  1- 3 |  4- 6 |  7- 9 || total
-------------------------+-------+-------+-------++-------
Melee: Club              |     4 |       |       ||     4
       Dagger            |    14 |   138 |   126 ||   278
       Whip              |     1 |       |       ||     1
 Fire: Shortbow          |       |       |    16 ||    16
Throw: Stone             |     1 |     1 |       ||     2
       Javelin           |       |       |     5 ||     5
 Cast: Magic Dart        |    69 |    78 |    26 ||   173
       Mephitic Cloud    |       |     5 |    27 ||    32
       Conjure Flame     |       |     5 |    13 ||    18
 Abil: Dig               |     3 |     7 |    16 ||    26
  Use: Scroll            |       |     1 |     5 ||     6
       Potion            |       |       |     1 ||     1
 Stab: Sleeping          |     1 |     1 |       ||     2
       Confused          |       |     3 |     9 ||    12
  Eat: Chunk             |     1 |     9 |     8 ||    18
       Ration            |       |       |     2 ||     2
Armor: Robe              |     3 |    15 |    14 ||    32
Dodge: Dodged            |    14 |    95 |   136 ||   245
